 Dungeon Crawl Stone Soup version 0.28-a0-863-g8cecda6153 (webtiles) character file.

Game seed: 14903852978781823156

1925 gigimoi the Ducker (level 8, -9/79 HPs)
             Began as a Troll Berserker on Nov 17, 2021.
             Was a Priest of Trog.
             Mangled by a yak (12 damage)
             ... on level 6 of the Dungeon.
             The game lasted 00:19:07 (3757 turns).

gigimoi the Ducker (Troll Berserker)                Turns: 3757, Time: 00:19:07

Health: -9/79      AC: 11    Str: 27    XL:     8   Next: 96%
Magic:  7/7        EV: 11    Int:  3    God:    Trog [***...]
Gold:   228        SH:  0    Dex: 10    Spells: 7/7 levels left

rFire   . . .      SeeInvis .   o - +6 club
rCold   . . .      Faith    .   (no shield)
rNeg    . . .      Spirit   .   a - +0 animal skin
rPois   .          Reflect  .   (helmet restricted)
rElec   .          Harm     .   B - +2 cloak
rCorr   .          Rampage  .   (gloves unavailable)
Will    .....                   (boots unavailable)
Stlth   +.........              (no amulet)
HPRegen 1.23/turn               l - +4 ring of protection
MPRegen 0.10/turn               (no ring)

@: no status effects
A: large, unfitting armour, claws 3, regeneration 1, shaggy fur 1, tough skin 1
a: Renounce Religion, Berserk, Trog's Hand


You were on level 6 of the Dungeon.
You worshipped Trog.
Trog was most pleased with you.
You visited 1 branch of the dungeon, and saw 6 of its levels.

You collected 228 gold pieces.

Inventory:

Hand Weapons
 o - a +6 club (weapon)
 z - the +5 demon whip "Spellbinder" {antimagic, Will+}
   (You found it on level 5 of the Dungeon)

   It reduces the magical energy of the wielder, and disrupts the spells and
   magical abilities of those it strikes.
   Natural abilities and divine invocations are not affected.
   It unleashes wild and unpredictable magical effects upon striking a wizard or
   a creature with magical abilities.
   Will:      It increases your willpower.
 A - a +2 quarterstaff of chaos
Armour
 a - a +0 animal skin (worn)
 n - a +0 cloak
 B - a +2 cloak (worn)
Jewellery
 l - a +4 ring of protection (left claw)
 x - an amulet of faith
Wands
 q - a wand of paralysis (8)
Scrolls
 f - a scroll of vulnerability
 k - 2 scrolls of immolation
 s - 2 scrolls of identify
 u - a scroll of noise {unknown}
 w - a scroll of fear {unknown}
 y - a scroll of acquirement {unknown}
Potions
 b - 5 potions of curing
 c - a potion of degeneration {unknown}
 d - 2 potions of brilliance
 e - a potion of mutation {unknown}
 g - 2 potions of invisibility
 m - a potion of lignification {unknown}
 r - 2 potions of heal wounds {unknown}
 v - a potion of magic {unknown}


   Skills:
 + Level 4.9 Fighting
 * Level 5.8 Maces & Flails
 - Level 0.6 Armour
 * Level 6.5 Dodging
 - Level 4.5 Unarmed Combat


You had 7 spell levels left.
You didn't know any spells.
Your spell library contained the following spells:

 Spells                   Type           Power      Damage    Failure   Level
 Apportation              Tloc           0%         N/A       52%         1


Dungeon Overview and Level Annotations

Branches:
Dungeon (6/15)             Temple (0/1) D:6

Altars:
Dithmenos
Kikubaaqudgha
Sif Muna
Uskayaw


Innate Abilities, Weirdness & Mutations

You are too large for most types of armour.
You have claws for hands.
Your natural rate of healing is unusually fast.
You are covered in fur. (AC +1)
You have tough skin. (AC +1)


Message History

You sock the yak!
The yak is moderately wounded.
The yak gores you.
The yak gores you but does no damage. x2
You thump the yak!
The yak is heavily wounded.
You feel the effects of Trog's Hand fading.
The yak gores you. The yak gores you! The yak gores you.
You sock the yak!
The yak is almost dead.
The yak completely misses you. The yak misses you. The yak barely misses you.
You closely miss the yak.
The yak is almost dead.
The yak gores you but does no damage. The yak gores you.
The yak barely misses you.
You hit the yak.
The yak is almost dead.
The yak gores you but does no damage. x2; The yak gores you.
You hit the yak.
The yak is almost dead.
The yak closely misses you. The yak gores you. The yak closely misses you.
You sock the yak!
You kill the yak!
Trog accepts your kill. The yak gores you! The yak barely misses you.
You sock the yak!
The yak is moderately wounded.
Your skin stops crawling.
You feel less strong-willed. The yak barely misses you. The yak gores you!
* * * LOW HITPOINT WARNING * * *
You thump the yak!
The yak is heavily wounded.
The yak gores you!
* * * LOW HITPOINT WARNING * * *
The yak gores you but does no damage.
You hit the yak.
The yak is heavily wounded.
The yak gores you!
* * * LOW HITPOINT WARNING * * *
The yak gores you!
You die...

* #.....#...............#....
######.........#.....#.........
##...##.........##...##.........
##.....#.........#.....#.....####
............#...............##**
#.......#..###..#.).....#..##*,*
##.....###.....###.....###...,,**
#..###..#......Y#..###..*,...,,,*
..,,#..........†@...#....,,,.,,,,
.........#...).#Y........*,,,,,**
.........##...##........,**,,,**
.........#.....#........,*,,,,,**
....#...............#...,,,,,,,,,
#..###..#.......#..###..*,,,,,,,*
##.,...###.)...###.....#**,,,,,**
*.,,...,#..###..#.......*,,***,,*
,,,........§#...†.......,,,,*,,,,


You could see 2 yaks.

Vanquished Creatures
  Pikel (D:5)
  Prince Ribbit (D:6)
  Sigmund (D:5)
  2 yaks (D:6)
  Edmund (D:6)
  A lemure (D:5)
  2 scorpions
  A howler monkey (D:5)
  A bullfrog zombie (D:6)
  A centaur zombie (D:5)
  A gnoll shaman (D:5)
  An orc priest (D:3)
  A bullfrog skeleton (D:6)
  A hound (D:5)
  3 iguanas
  Crazy Yiuf (D:5)
  Jessica (D:3)
  An orc wizard (D:3)
  3 adders
  3 gnolls (D:5)
  An ufetubus (D:4)
  2 adder zombies (D:2)
  3 adder skeletons
  2 worms
  3 dart slugs
  6 orcs
  7 ball pythons
  5 bats
  2 bat skeletons (D:2)
  A bat zombie (D:2)
  9 endoplasms
  7 giant cockroaches
  5 goblins
  6 hobgoblins
  2 jackals (D:5)
  7 quokkas
  3 frilled lizards
  A giant cockroach zombie (D:2)
  6 kobolds
  A quokka zombie (D:2)
  6 rats
113 creatures vanquished.

Vanquished Creatures (others)
  3 withered plants (D:2)
3 creatures vanquished.

Grand Total: 116 creatures vanquished

Notes
Turn   | Place    | Note
-------+----------+-------------------------------------------
     0 | D:1      | gigimoi the Troll Berserker began the quest for the Orb.
     0 | D:1      | Reached XP level 1. HP: 22/22 MP: 0/0
   183 | D:1      | Reached XP level 2. HP: 29/29 MP: 1/1
   873 | D:2      | Found a shimmering blue altar of Sif Muna.
   916 | D:2      | Reached XP level 3. HP: 34/36 MP: 2/2
  1036 | D:2      | Found a faded altar of an unknown god.
  1116 | D:2      | Reached ** piety under Trog
  1117 | D:2      | Reached skill level 3 in Dodging
  1147 | D:2      | Reached XP level 4. HP: 44/44 MP: 3/3
  1615 | D:3      | Reached XP level 5. HP: 53/53 MP: 4/4
  1811 | D:3      | Found a hide-covered altar of Uskayaw.
  1926 | D:3      | Noticed Jessica
  1937 | D:3      | Killed Jessica
  2183 | D:3      | Got Jessica's Handbook of Orientation
  2257 | D:4      | Found a shimmering blue altar of Sif Muna.
  2337 | D:4      | Found a shadowy altar of Dithmenos.
  2496 | D:4      | Reached skill level 1 in Maces & Flails
  2496 | D:4      | Reached XP level 6. HP: 43/61 MP: 5/5
  2528 | D:4      | Found an ancient bone altar of Kikubaaqudgha.
  2661 | D:5      | Entered Level 5 of the Dungeon
  2673 | D:5      | Reached skill level 4 in Dodging
  2674 | D:5      | Reached *** piety under Trog
  2760 | D:5      | Noticed Pikel
  2774 | D:5      | Killed Pikel
  2775 | D:5      | Reached skill level 5 in Dodging
  2775 | D:5      | Reached XP level 7. HP: 58/70 MP: 6/6
  2867 | D:5      | Noticed Sigmund
  2886 | D:5      | Killed Sigmund
  2887 | D:5      | Reached XP level 8. HP: 78/78 MP: 7/7
  3132 | D:5      | Found a runed translucent door.
  3132 | D:5      | Found the +5 demon whip "Spellbinder" {antimagic, Will+}
  3133 | D:5      | Noticed Crazy Yiuf
  3430 | D:5      | Killed Crazy Yiuf
  3687 | D:6      | Noticed Prince Ribbit
  3690 | D:6      | Noticed Edmund
  3704 | D:6      | Killed Edmund
  3716 | D:6      | Killed Prince Ribbit
  3717 | D:6      | Reached skill level 5 in Maces & Flails
  3717 | D:6      | Reached skill level 6 in Dodging
  3757 | D:6      | HP: 3/79 [yak (13)]
  3757 | D:6      | Mangled by a yak

Illustrated notes

Levels and vault maps discovered:
D:1:      dpeg_arrival_stonehenge_12_columns, layout_basic
D:2:      layout_rooms, basic_altar, shapermc_ecumenical_altar_starsandcircs,
          serial_undead, serial_undead_e, serial_undead_c, serial_undead_e,
          serial_undead_f, serial_undead_c, serial_undead_d, serial_undead_d,
          serial_undead_b, serial_undead_f, serial_undead_b, st_stairs_7,
          serial_park_tiny_1, minmay_misc_feat_diagonals,
          minmay_shallow_snake_nest
D:3:      layout_basic, nicolae_uskayaw_dance_hall, serial_bayou_pond_a,
          minmay_misc_feat_room, chequers_arboretum, st_stairs_13,
          kennysheep_jessica_study
D:4:      layout_rooms, nicolae_dithmenos_the_darkroom,
          mainiacjoe_overflow_six_doors_small, lemuel_blue_sif_altar
D:5:      layout_rooms, uniq_pikel, uniq_sigmund, uniq_crazy_yiuf_cottage
D:6:      nicolae_cairo_tiling_large_dashed, layout_basic,
          okawaru_altar_gauntlet_db, kennysheep_little_box,
          minmay_temple_entry_stoned_glass, uniq_edmund, uniq_prince_ribbit1

Skill      XL: |  1  2  3  4  5  6  7  8 |
---------------+-------------------------+-----
Dodging        | 3 5 6 |  6.5
Unarmed Combat | 4 |  4.5
Fighting       | 3 4 |  4.9
Maces & Flails | 1 3 4 5 |  5.8
Armour         | |  0.6

Action                   |  1- 3 |  4- 6 |  7- 9 || total
-------------------------+-------+-------+-------++-------
Melee: Unarmed           |    95 |    76 |       ||   171
       Club              |       |    73 |   127 ||   200
       Punch             |       |     2 |     3 ||     5
Invok: Berserk           |     1 |     6 |     4 ||    11
       Trog's Hand       |       |       |     1 ||     1
  Use: Scroll            |       |     4 |     7 ||    11
Armor: Animal skin       |    24 |    59 |    57 ||   140
Dodge: Dodged            |    65 |    83 |    94 ||   242

Table legend: (Time is in decaauts)
 A = Elapsed time spent in this place.
 B = Non-inter-level travel time spent in this place.
 C = Inter-level travel time spent in this place.
 D = Time resting spent in this place.
 E = Time spent auto-exploring this place.
 F = Levels seen in this place.
 G = Mean time per level.
                   A        B        C        D        E       F      G
               +--------+--------+--------+--------+--------+-----+--------+
         Total |   3891 |   3527 |    364 |    452 |   2172 |   6 |  648.5 |
       Dungeon |   3891 |   3527 |    364 |    452 |   2172 |   6 |  648.5 |
               +--------+--------+--------+--------+--------+-----+--------+

Top non-repeatable levels by time:
     D:5: 955 daAuts
     D:3: 890 daAuts
     D:1: 846 daAuts
     D:2: 520 daAuts
     D:4: 459 daAuts
     D:6: 220 daAuts
